Map: Dusk Towers

Players

MaFaraZzo - Winner!

  • Race: Protoss Protoss
  • League: Master

Miszu

  • Race: Terran Terran
  • League: Grandmaster

VOD

Have the link to the VOD?

Description

Time

  • Played on: Feb. 10, 2016, 11:49 a.m.
  • Length: 13:39
Show
View Real Time Build Order
Export as new Build Order

MaFaraZzo Protoss - Winner!

Build Orders: 1 Gate Expand, Double Forge, Blink Stalkers 

Get SALT Encoding   

  12  0:01  Probe (Chrono Boost)  
  13  0:11  Probe (Chrono Boost)  
  14  0:18  Pylon  
  14  0:22  Probe (Chrono Boost)  
  15  0:36  Gateway, Probe (Chrono Boost)  
  16  0:47  Probe (Chrono Boost)  
  16  0:48  Assimilator  
  17  0:57  Probe (Chrono Boost)  
  18  1:08  Probe (Chrono Boost)  
  19  1:20  Nexus  
  19  1:31  Cybernetics Core  
  19  1:33  Probe (Chrono Boost)  
  20  1:42  Assimilator  
  20  1:44  Probe (Chrono Boost)  
  21  1:49  Pylon  
  21  1:54  Probe (Chrono Boost)  
  23  2:10  Adept, Mothership Core (Chrono Boost)  
  26  2:16  Warp Gate (Chrono Boost)  
  26  2:28  Probe (Chrono Boost)  
  27  2:33  Probe (Chrono Boost)  
  27  2:36  Twilight Council  
  28  2:39  Probe (Chrono Boost)  
  28  2:43  Probe (Chrono Boost)  
  30  2:46  Stalker  
  30  2:49  Probe (Chrono Boost)  
  33  2:54  Probe (Chrono Boost)  
  34  3:00  Probe (Chrono Boost)  
  34  3:04  Probe  
  36  3:11  Probe (Chrono Boost)  
  37  3:15  Probe (Chrono Boost)  
  37  3:19  Nexus  
  38  3:22  Probe (Chrono Boost)  
  38  3:27  Probe  
  40  3:31  Blink (Chrono Boost)  
  40  3:32  Probe  
  40  3:37  Pylon  
  40  3:40  Probe  
  42  3:43  Probe  
  43  3:50  Gateway  
  43  3:53  Gateway  
  43  3:55  Probe  
  41  3:57  Probe  
  43  4:05  Gateway, Probe  
  43  4:09  Gateway  
  44  4:16  Probe  
  45  4:20  Pylon  
  45  4:25  Probe  
  45  4:26  Robotics Facility  
  46  4:31  Probe x2  
  46  4:32  Stalker  
  46  4:37  Probe (Chrono Boost)  
  51  4:43  Probe x2 (Chrono Boost)  
  53  4:49  Probe (Chrono Boost)  
  53  4:51  Forge  
  53  4:52  Forge  
  54  4:54  Probe x2 (Chrono Boost)  
  54  4:56  Assimilator  
  56  5:00  Probe (Chrono Boost), Assimilator  
  56  5:04  Probe x2 (Chrono Boost)  
  56  5:06  Pylon  
  59  5:09  Probe (Chrono Boost)  
  59  5:13  Observer (Chrono Boost)  
  61  5:15  Protoss Ground Armor Level 1 (Chrono Boost), Probe  
  61  5:16  Probe  
  61  5:17  Protoss Ground Weapons Level 1 (Chrono Boost)  
  61  5:18  Assimilator  
  61  5:20  Probe  
  64  5:22  Assimilator  
  64  5:25  Stalker x3, Pylon  
  64  5:26  Probe  
  71  5:33  Observer (Chrono Boost)  
  73  5:35  Probe  
  73  5:36  Probe  
  73  5:39  Probe  
  73  5:41  Pylon  
  75  5:46  Templar Archives  
  75  5:47  Probe  
  75  5:48  Probe  
  77  5:52  Observer (Chrono Boost)  
  77  5:56  Charge (Chrono Boost)  
  78  5:57  Probe  
  78  5:59  Probe  
  78  6:00  Probe  
  78  6:01  Pylon  
  78  6:03  Zealot x2  
  85  6:07  Zealot x2  
  85  6:09  Probe  
  90  6:11  Zealot  
  90  6:13  Probe  
  90  6:17  Gateway  
  93  6:20  Gateway  
  93  6:24  Stalker  
  95  6:27  Stalker, Pylon  
  95  6:31  Stalker x2  
  99  6:35  Stalker  
  99  6:37  Observer (Chrono Boost)  
  102  6:42  Psionic Storm  
  102  6:44  Probe x2  
  102  6:45  Probe  
  105  6:52  High Templar, Robotics Bay  
  107  6:59  Gateway, Pylon, Probe  
  107  7:00  Gateway, Probe  
  109  7:01  Probe  
  109  7:06  High Templar  
  109  7:07  Protoss Ground Armor Level 2  
  112  7:10  High Templar  
  112  7:13  Pylon  
  112  7:15  Pylon  
  114  7:16  Protoss Ground Weapons Level 2  
  114  7:18  Pylon  
  114  7:41  Zealot x6  
  126  7:45  Pylon  
  126  7:47  High Templar  
  126  7:49  Nexus  
  128  7:51  Pylon  
  128  7:54  Pylon  
  128  7:56  Colossus (Chrono Boost)  
  128  7:57  Pylon  
  134  8:00  Robotics Facility  
  134  8:05  Zealot x5  
  144  8:14  Extended Thermal Lance  
  144  8:15  Stalker  
  146  8:24  Stalker  
  148  8:28  Stalker  
  148  8:29  Stalker x2, Zealot x2  
  148  8:30  Zealot  
  160  8:44  Pylon  
  160  8:46  Pylon  
  152  8:49  Pylon  
  152  8:55  Zealot x8  
  140  9:11  High Templar  
  142  9:18  Colossus (Chrono Boost)  
  142  9:23  High Templar x3  
  160  9:24  Colossus (Chrono Boost)  
  160  9:28  Assimilator  
  160  9:30  Zealot x5  
  170  9:34  Photon Cannon  
  170  9:36  Photon Cannon  
  170  9:38  Photon Cannon  
  170  9:41  Assimilator  
  170  9:50  Stalker  
  170  9:51  Stalker x2  
  170  9:52  Stalker x2  
  180  10:01  Protoss Ground Armor Level 3  
  180  10:02  Protoss Ground Weapons Level 3  
  180  10:10  Stargate  
  181  10:17  Stargate  
  175  10:33  Nexus  
  175  10:35  Observer (Chrono Boost)  
  182  10:41  Colossus (Chrono Boost), Nexus  
  182  10:51  Pylon  
  182  10:59  Pylon  
  180  11:05  Phoenix x2, Assimilator  
  180  11:08  Colossus (Chrono Boost)  
  180  11:10  Assimilator  
  188  11:14  Probe  
  188  11:17  Fleet Beacon  
  188  11:18  Protoss Air Weapons Level 1 (Chrono Boost), Assimilator  
  189  11:23  Assimilator  
  173  11:34  Stalker x6  
  185  11:58  Photon Cannon  
  185  11:59  Photon Cannon  
  185  12:00  Tempest  
  189  12:01  Photon Cannon  
  189  12:03  High Templar, Photon Cannon  
  189  12:05  High Templar x2  
  195  12:14  Tempest  
  199  12:33  Warp Prism (Chrono Boost)  
  199  12:50  Stalker x3  
  174  13:14  High Templar x8  
  188  13:27  Stalker  
Show
View Real Time Build Order
Export as new Build Order

Miszu Terran 

Build Orders: Command Center First (CC), MMM Bio 

Get SALT Encoding   

  12  0:00  SCV  
  13  0:13  SCV  
  14  0:22  Supply Depot  
  14  0:25  SCV  
  15  0:44  SCV  
  16  0:56  SCV  
  17  1:00  Command Center  
  17  1:08  SCV  
  18  1:21  Barracks, SCV  
  19  1:33  SCV  
  19  1:34  Barracks  
  20  1:44  Barracks  
  20  1:45  SCV  
  21  1:57  SCV  
  22  2:09  Marine, Orbital Command  
  23  2:18  Orbital Command  
  23  2:21  Marine  
  24  2:27  Marine  
  25  2:31  Marine  
  25  2:34  Refinery x2  
  25  2:35  SCV  
  27  2:39  Marine  
  28  2:45  Marine  
  28  2:46  Supply Depot  
  28  2:47  SCV  
  28  2:49  Marine  
  31  2:52  SCV  
  32  2:59  Marine, SCV  
  32  3:03  Marine  
  32  3:04  SCV  
  36  3:10  Supply Depot  
  36  3:11  SCV  
  36  3:12  Barracks Tech Lab  
  37  3:16  Supply Depot, SCV  
  37  3:19  Marine  
  39  3:22  Marine  
  39  3:23  SCV  
  41  3:28  SCV  
  41  3:30  Marine  
  41  3:32  Stimpack  
  43  3:35  SCV  
  43  3:37  Marine  
  45  3:43  SCV  
  45  3:44  Supply Depot  
  45  3:47  SCV  
  47  3:55  SCV  
  48  3:58  Factory  
  48  4:00  Marine x2  
  48  4:02  SCV  
  51  4:05  Refinery  
  51  4:07  SCV  
  52  4:10  Engineering Bay  
  52  4:14  SCV  
  53  4:19  SCV  
  53  4:21  Command Center  
  54  4:26  Barracks Tech Lab, SCV  
  54  4:28  Barracks Reactor  
  56  4:31  SCV  
  55  4:38  Terran Infantry Weapons Level 1, SCV  
  55  4:43  SCV  
  55  4:45  Starport  
  57  4:46  Factory Reactor  
  57  4:51  SCV  
  57  4:52  Missile Turret  
  58  4:55  Refinery  
  58  4:57  Marauder  
  58  4:58  Marauder  
  58  4:59  SCV  
  63  5:04  Supply Depot, SCV  
  63  5:06  Marine  
  65  5:08  Marine  
  65  5:11  SCV  
  65  5:12  Supply Depot  
  67  5:15  Combat Shields  
  67  5:19  Marauder  
  69  5:21  SCV  
  69  5:26  Marauder  
  72  5:30  Medivac x2  
  72  5:32  Marine x2  
  72  5:33  SCV  
  79  5:40  Supply Depot  
  79  5:41  Supply Depot  
  79  5:42  SCV  
  80  5:45  SCV  
  80  5:46  Liberator  
  80  5:47  Liberator  
  81  5:51  Barracks  
  81  5:52  SCV  
  81  5:54  Barracks  
  81  5:55  Marauder  
  84  6:00  SCV  
  88  6:06  SCV  
  88  6:11  Orbital Command  
  92  6:15  Refinery  
  92  6:16  Refinery  
  92  6:18  SCV x2  
  94  6:25  Fusion Core  
  90  6:33  SCV  
  90  6:35  Marauder  
  90  6:36  Marauder, SCV x2  
  97  6:41  Barracks Tech Lab  
  97  6:42  Barracks Reactor  
  97  6:45  SCV  
  97  6:46  Starport  
  98  6:48  SCV  
  98  6:49  SCV, Liberator  
  98  6:50  Terran Infantry Armor Level 1, Liberator  
  98  6:54  Supply Depot x2  
  100  6:57  SCV  
  100  7:00  SCV  
  102  7:04  SCV  
  109  7:09  Marauder, SCV  
  109  7:12  SCV  
  109  7:13  Concussive Shells  
  109  7:14  Marauder  
  109  7:15  Marine x2, Marauder  
  118  7:19  Supply Depot  
  118  7:21  Supply Depot  
  119  7:24  Starport Tech Lab  
  119  7:26  Liberator  
  119  7:30  Marine x2, Marauder  
  119  7:32  Liberator  
  119  7:33  Marine x2  
  125  7:43  Liberator  
  126  7:46  Advanced Ballistics  
  126  7:47  Marine x2  
  126  7:50  Supply Depot  
  131  7:52  Supply Depot  
  131  8:01  Marine x4, Marauder  
  131  8:05  Marine, Marauder  
  143  8:09  Liberator  
  143  8:15  Liberator  
  143  8:18  Marine  
  144  8:22  Supply Depot, Marine, Marauder  
  144  8:23  Supply Depot, Marauder  
  144  8:26  Marauder, Liberator  
  153  8:28  Marine  
  153  8:33  Barracks x2  
  153  8:34  Barracks  
  157  8:35  Armory  
  157  8:40  Engineering Bay  
  156  8:44  Marauder  
  156  8:51  Liberator  
  154  8:58  Liberator  
  146  9:09  Marine  
  132  9:10  Marine x5, Marauder  
  138  9:24  Marine x2  
  138  9:25  Marine  
  138  9:26  Terran Infantry Armor Level 2, Medivac  
  138  9:27  Marine  
  138  9:28  Marine x4, Marauder, Terran Infantry Weapons Level 2  
  152  9:31  Marauder  
  152  9:39  Liberator  
  152  9:43  Supply Depot x2  
  152  9:45  Liberator  
  152  9:46  Marauder  
  152  9:50  Marine, Marauder  
  152  9:51  Viking  
  161  9:53  Marauder  
  161  9:54  Command Center  
  162  10:04  Liberator  
  154  10:16  Marine, Marauder  
  154  10:17  Marine x2, Marauder  
  164  10:33  Supply Depot  
  164  10:38  Barracks Tech Lab  
  164  10:39  Barracks Reactor, Barracks Tech Lab, Medivac  
  166  10:45  Medivac  
  166  10:47  Liberator  
  166  10:49  Sensor Tower  
  168  10:50  Refinery  
  168  10:51  Liberator  
  168  10:53  Marine  
  168  10:54  Marauder  
  171  10:58  Liberator  
  164  11:06  Planetary Fortress  
  164  11:08  Marine, Marauder  
  164  11:09  Marine x5  
  164  11:11  Marine  
  178  11:14  Marine  
  178  11:18  Refinery, Marine  
  183  11:19  Refinery  
  184  11:26  Marine x2  
  184  11:27  Marauder  
  184  11:30  Liberator  
  185  11:34  Liberator  
  178  11:48  Marine x2, Marauder  
  178  11:52  Marine x3  
  178  11:53  Marine x3  
  194  11:58  Missile Turret  
  194  11:59  Missile Turret  
  191  12:05  Command Center  
  191  12:20  Missile Turret  
  191  12:22  Missile Turret  
  191  12:41  Missile Turret  
  163  13:19  Marine x4  
  173  13:20  Ghost Academy  
  173  13:21  Marine  
Tags
 
Add a new tag
Caveats
  • Supply blocks, unpowered buildings, or Contaminate may cause inaccurate times.
  • Supply counts are checked every 10 seconds.